 Dungeon Crawl Stone Soup version 0.29-a0-11-ga75d3d97ab (webtiles) character file.

Game seed: 15684783714956411010

235 fragbeetle the Chopper (level 6, -11/53 HPs)
             Began as a Hill Orc Cinder Acolyte on Jan 29, 2022.
             Was a High Priest of Ignis.
             Mangled by Edmund (12 damage)
             ... on level 4 of the Dungeon.
             The game lasted 00:05:40 (4049 turns).

fragbeetle the Chopper (Hill Orc Cinder Acolyte)    Turns: 4049, Time: 00:05:41

Health: -11/53     AC:  3    Str: 19    XL:     6   Next: 5%
Magic:  1/8        EV: 11    Int: 14    God:    Ignis [*****.]
Gold:   11         SH:  0    Dex:  8    Spells: 5/7 levels left

rFire   + . .      SeeInvis .   q - +6 falchion of Abuse {pain, rN+ Dex+2}
rCold   . . .      Faith    .   (no shield)
rNeg    + . .      Spirit   .   b - +0 robe
rPois   .          Reflect  .   o - +0 helmet
rElec   .          Harm     .   (no cloak)
rCorr   .          Rampage  .   (no gloves)
Will    .....                   (no boots)
Stlth   +.........              (no amulet)
HPRegen 0.17/turn               (no ring)
MPRegen 0.11/turn               (no ring)

@: no status effects
A: no striking features
a: Renounce Religion, Fiery Armour, Foxfire Swarm, Rising Flame


You were on level 4 of the Dungeon.
You worshipped Ignis.
Ignis was extremely pleased with you.
You visited 1 branch of the dungeon, and saw 4 of its levels.

You collected 208 gold pieces.
You spent 197 gold pieces at shops.

Inventory:

Hand Weapons
 a - a -1 hand axe of flaming
 c - a +3 hand axe
 q - the +6 falchion of Abuse (weapon) {pain, rN+ Dex+2}
   (You found it on level 4 of the Dungeon)

   In the hands of one skilled in necromantic magic, it inflicts extra damage on
   living creatures.
   Dex:       It affects your dexterity (+2).
   rN:        It protects you from negative energy.
Armour
 b - a +0 robe (worn)
 o - a +0 helmet (worn)
Wands
 r - a wand of polymorph (8)
Scrolls
 d - 2 scrolls of magic mapping {unknown}
 e - a scroll of blinking {unknown}
 f - 3 scrolls of summoning {unknown}
 i - 2 scrolls of immolation {unknown}
 j - 2 scrolls of identify
 k - a scroll of fog
 m - a scroll of enchant armour {unknown}
Potions
 g - 2 potions of brilliance
 h - a potion of curing
 l - a potion of mutation
 n - a potion of degeneration {unknown}
 p - a potion of haste {unknown}


   Skills:
 + Level 4.6 Fighting
 * Level 6.1 Axes
 + Level 1.3 Spellcasting
 * Level 5.1 Fire Magic


You had 5 spell levels left.
You knew the following spells:

 Your Spells              Type           Power      Damage    Failure   Level
a - Scorch                Fire           30%        2d7       4%          2

Your spell library contained the following spells:

 Spells                   Type           Power      Damage    Failure   Level
 Inner Flame              Hex/Fire       8%         N/A       26%         3
 Gell's Gravitas          Tloc           0%         N/A       58%         3
 Lesser Beckoning         Tloc           0%         N/A       58%         3
 Teleport Other           Tloc           0%         N/A       58%         3
 Cause Fear               Hex            0%         N/A       94%         4
 Discord                  Hex            0%         N/A       100%        8


Dungeon Overview and Level Annotations

Branches:
Dungeon (4/15)
 Temple: D:4-7

Altars:
Dithmenos
Trog
Uskayaw

Shops:
D:3 !*

Annotations:
D:4 2 runed translucent doors, 3t5h's ghost, amateur TrMo; Edmund; Pikel


Message History

Edmund's fire resistance burns away.
Edmund barely misses you.
Flames lash Edmund.
Edmund is burned terribly!
Edmund is moderately wounded.
Edmund hits you with a +0 vorpal flail!
You are too depleted to draw on your mana recklessly!
You hit Edmund.
Edmund is heavily wounded.
Edmund hits you with a +0 vorpal flail!
You slash Edmund!
Edmund is heavily wounded.
Edmund hits you with a +0 vorpal flail.
You hit Edmund but do no damage.
Edmund is heavily wounded.
Edmund hits you with a +0 vorpal flail!
* * * LOW HITPOINT WARNING * * *
x2 You feel better.
Edmund misses you.
You hit Edmund but do no damage.
Edmund is heavily wounded.
Edmund hits you with a +0 vorpal flail.
* * * LOW HITPOINT WARNING * * *
x2 Edmund completely misses you.
Okay, then.
Okay, then.
You closely miss Edmund.
Edmund is heavily wounded.
Edmund hits you with a +0 vorpal flail.
* * * LOW HITPOINT WARNING * * *
x2 You hit Edmund.
Edmund is heavily wounded.
Edmund is no longer more vulnerable to fire.
Edmund completely misses you.
You are too injured to fight recklessly!
You are too injured to fight recklessly!
You slash Edmund!
Edmund is almost dead.
Edmund says, "I might not be good at magic, but I can still kill you!"
Edmund hits you with a +0 vorpal flail!
* * * LOW HITPOINT WARNING * * *
x2 Edmund hits you with a +0 vorpal flail!
You die...

#...#..... #.....
##..#..# #.....
#..#..###. #.....
#..#s!.... + #.....
#..#W$###..+ #.....
#..#..###..#..>+.....
#..#.......#...#.....
#..#########...##....
#..@@...........#....
#...............#....
#...............#....
#...............#....
#...............#<...
##...##...####'##....
#...##...##.........
#...#.....#.........
#...'.....#.........


You could see Edmund.

Vanquished Creatures
  A necrophage (D:4)
  A lemure (D:3)
  A hound (D:2)
  4 adders
  5 dart slugs
  4 bats
  4 endoplasms
  5 giant cockroaches
  6 goblins
  10 hobgoblins
  12 kobolds
  9 ball pythons
  4 frilled lizards
  4 rats
70 creatures vanquished.

Notes
Turn   | Place    | Note
-------+----------+-------------------------------------------
     0 | D:1      | fragbeetle the Hill Orc Cinder Acolyte began the quest for
                  | the Orb.
     0 | D:1      | Reached XP level 1. HP: 19/19 MP: 2/2
   263 | D:1      | Reached XP level 2. HP: 18/27 MP: 3/3
   532 | D:1      | Reached XP level 3. HP: 16/33 MP: 4/4
   704 | D:1      | Found a faded altar of an unknown god.
   766 | D:1      | Learned a level 2 spell: Scorch
  1285 | D:2      | Found a shadowy altar of Dithmenos.
  1297 | D:2      | Reached skill level 5 in Axes
  1297 | D:2      | Reached XP level 4. HP: 17/40 MP: 1/5
  2600 | D:3      | Reached XP level 5. HP: 35/47 MP: 2/6
  2965 | D:3      | Found Yruolimm's General Store.
  2969 | D:3      | Bought a scroll of identify for 22 gold pieces
  2969 | D:3      | Bought a potion of curing for 33 gold pieces
  2969 | D:3      | Bought a scroll of fog for 22 gold pieces
  3149 | D:3      | Found Udgheleab's Distillery.
  3159 | D:3      | Bought a potion of brilliance for 40 gold pieces
  3159 | D:3      | Bought a potion of mutation for 80 gold pieces
  3248 | D:3      | Found a faded altar of an unknown god.
  3252 | D:3      | Found a bloodstained altar of Trog.
  3525 | D:4      | Noticed a necrophage
  3544 | D:4      | Killed a necrophage
  3545 | D:4      | Reached skill level 6 in Axes
  3545 | D:4      | Reached skill level 5 in Fire Magic
  3545 | D:4      | Reached XP level 6. HP: 19/53 MP: 1/8
  3757 | D:4      | Noticed Pikel
  3967 | D:4      | Found a hide-covered altar of Uskayaw.
  3975 | D:4      | Identified the +6 falchion of Abuse {pain, rN+ Dex+2}
  4015 | D:4      | Noticed 3t5h's ghost (amateur TrMo)
  4021 | D:4      | Noticed Edmund
  4037 | D:4      | Found a runed translucent gate.
  4037 | D:4      | Found a runed translucent gate.
  4049 | D:4      | HP: 2/53 [Edmund (10)]
  4049 | D:4      | Mangled by Edmund

Illustrated notes

Levels and vault maps discovered:
D:1:      scummos_arrival_simple_crosswalls, layout_loops_ring,
          shapermc_ecumenical_altar_pompeii, roderic_roman_lattice
D:2:      layout_basic, basic_altar, minmay_heptomino_w4
D:3:      layout_basic, nicolae_overflow_ecumenical_swirl, serial_shops,
          nicolae_shop_crystal, shop
D:4:      layout_gridville, lemuel_round_altar, lightli_temple_of_fire,
          lemuel_tele_altar, eat_drink_and_be_merry_uskayaw,
          gammafunk_ghost_split, kennysheep_generic_room_4, uniq_grinder,
          uniq_edmund, uniq_pikel, uniq_blork_the_orc

Skill      XL: |  1  2  3  4  5 |
---------------+----------------+-----
Fighting       | 4 |  4.6
Fire Magic     | 4 5 |  5.1
Axes           | 5 6 |  6.1
Spellcasting   | |  1.3

Action                   |  1- 3 |  4- 6 || total
-------------------------+-------+-------++-------
Melee: Hand axe          |    71 |    57 ||   128
       Punch             |     1 |       ||     1
       Falchion          |       |     9 ||     9
 Cast: Scorch            |     8 |    25 ||    33
  Use: Potion            |       |     1 ||     1
Armor: Robe              |    13 |    12 ||    25
Dodge: Dodged            |    42 |    32 ||    74

Table legend: (Time is in decaauts)
 A = Elapsed time spent in this place.
 B = Non-inter-level travel time spent in this place.
 C = Inter-level travel time spent in this place.
 D = Time resting spent in this place.
 E = Time spent auto-exploring this place.
 F = Levels seen in this place.
 G = Mean time per level.
                   A        B        C        D        E       F      G
               +--------+--------+--------+--------+--------+-----+--------+
         Total |   4057 |   3896 |    161 |    465 |   2840 |   4 | 1014.2 |
       Dungeon |   4057 |   3896 |    161 |    465 |   2840 |   4 | 1014.2 |
               +--------+--------+--------+--------+--------+-----+--------+

Top non-repeatable levels by time:
     D:1: 1449 daAuts
     D:3: 1336 daAuts
     D:2: 895 daAuts
     D:4: 376 daAuts
